 Dungeon Crawl Stone Soup version 0.29-a0-330-g52719c12eb (webtiles) character file.

Game seed: 17337077149766270937

36 Crownlay the Cudgeller (level 3, -8/23 HPs)
             Began as a Gargoyle Gladiator on Apr 24, 2022.
             Mangled by Sigmund
             ... wielding a +0 scythe
              (10 damage)
             ... on level 2 of the Dungeon.
             The game lasted 00:01:34 (1122 turns).

Crownlay the Cudgeller (Gargoyle Gladiator)         Turns: 1122, Time: 00:01:34

Health: -8/23      AC: 12    Str: 19    XL:     3   Next: 37%
Magic:  3/3        EV:  7    Int:  8    God:
Gold:   84         SH:  0    Dex: 11    Spells: 2/2 levels left

rFire   . . .      SeeInvis .   a - +0 flail
rCold   . . .      Faith    .   (no shield)
rNeg    + + +      Spirit   .   g - +0 chain mail
rPois   ∞          Reflect  .   c - +0 helmet
rElec   +          Harm     .   (no cloak)
rCorr   .          Rampage  .   (no gloves)
Will    .....      Rage     1%  (no boots)
Stlth   ..........              (no amulet)
HPRegen 0.07/turn               o - ring of positive energy
MPRegen 0.08/turn               p - ring of positive energy

@: hasted, very quick
A: sickness immunity, AC +3, negative energy resistance 1, electricity
resistance, torment resistance 1, petrification resistance, berserk 1
a: no special abilities


You were on level 2 of the Dungeon.
You visited 1 branch of the dungeon, and saw 2 of its levels.

You collected 84 gold pieces.

Inventory:

Hand Weapons
 a - a +0 flail (weapon)
Missiles
 d - a throwing net (quivered)
 e - a javelin
Armour
 c - a +0 helmet (worn)
 g - a +0 chain mail (worn)
Jewellery
 o - a ring of positive energy (left hand)
 p - a ring of positive energy (right hand)
Scrolls
 b - a scroll of noise {unknown}
 j - 2 scrolls of enchant armour {unknown}
 k - a scroll of identify {unknown}
 l - a scroll of enchant weapon {unknown}
 m - a scroll of immolation {unknown}
 n - a scroll of teleportation {unknown}
Potions
 i - a potion of mutation


   Skills:
 * Level 3.3 Fighting
 + Level 3.3 Maces & Flails
 + Level 2.2 Throwing
 - Level 2.4 Dodging


You had 2 spell levels left.
You didn't know any spells.
Your spell library was empty.

Dungeon Overview and Level Annotations

Branches:
Dungeon (2/15)

Altars:

Annotations:
D:2 Sigmund


Innate Abilities, Weirdness & Mutations

You are immune to sickness and miasma.
Your stone body is resilient. (AC +3)
You are immune to poison.
You resist negative energy. (rN+)
You are resistant to electric shocks. (rElec)
You are resistant to unholy torment.
You are immune to petrification.
You tend to lose your temper in combat.


Message History

* * * LOW HITPOINT WARNING * * *
You closely miss Sigmund.
Sigmund is moderately wounded.
The ball python bites you.
* * * LOW HITPOINT WARNING * * *
The ball python grabs you. The ball python constricts you.
The ball python bites you but does no damage.
The ball python constricts you.
It was a potion of mutation.
You feel extremely strange.
You feel a little pissed off. Sigmund hits you but does no damage.
The ball python bites you.
* * * LOW HITPOINT WARNING * * *
The ball python constricts you.
It was a potion of curing.
You feel better.
The ball python bites you but does no damage.
The ball python constricts you. Sigmund hits you but does no damage.
Okay, then.
You closely miss the ball python. The ball python bites you.
The ball python constricts you.
The ball python bites you but does no damage.
The ball python constricts you.
You hit the ball python but do no damage.
Sigmund hits you with a +0 scythe. The ball python barely misses you.
The ball python constricts you.
You hit the ball python.
The ball python is moderately wounded.
The ball python bites you but does no damage.
The ball python constricts you. Sigmund barely misses you.
The ball python bites you but does no damage.
The ball python constricts you.
You sock the ball python!
You kill the ball python!
Sigmund barely misses you.
You closely miss Sigmund.
Sigmund is moderately wounded.
Sigmund hits you with a +0 scythe!
* * * LOW HITPOINT WARNING * * *
It was a potion of haste.
You feel yourself speed up. Sigmund hits you with a +0 scythe!
You die...

.... #.......#.. # #...
#.#...#.#.# #.#...
#.......#.# #.#...
#.......<.# .....
#...†...### #...
#...>†.#...#
#...#####..........#
#.##(.@†.....##..#.#..#
#......@......#....#..#
#................#......
#!............#..#.#..#.
#.##...#####..........#.
. #... ..###.....## #...
### ### #... #...


You could see Sigmund.

Vanquished Creatures
  An adder (D:2)
  A dart slug (D:1)
  4 endoplasms (D:1)
  A giant cockroach (D:1)
  2 hobgoblins (D:1)
  5 kobolds (D:1)
  A quokka (D:1)
  2 ball pythons (D:2)
  A frilled lizard (D:2)
  2 goblins (D:1)
  2 rats (D:1)
22 creatures vanquished.

Notes
Turn   | Place    | Note
-------+----------+-------------------------------------------
     0 | D:1      | Crownlay the Gargoyle Gladiator began the quest for the
                  | Orb.
     0 | D:1      | Reached XP level 1. HP: 12/12 MP: 1/1
   160 | D:1      | Reached XP level 2. HP: 16/18 MP: 2/2
   907 | D:1      | Reached XP level 3. HP: 22/23 MP: 3/3
  1104 | D:2      | Noticed Sigmund
  1115 | D:2      | Gained mutation: You tend to lose your temper in combat.
                  | [potion of mutation]
  1122 | D:2      | Mangled by Sigmund

Illustrated notes

Levels and vault maps discovered:
D:1:      mrwooster_arrival_statue_3, layout_basic, serial_aquarium,
          aquarium_bridge_square [aquarium_subvault_wall,
          aquarium_subvault_balcony, aquarium_subvault_bridge,
          aquarium_subvault_bridge], aquarium_window_2,
          aquarium_window_corridor_3, aquarium_window_1, aquarium_view_2f,
          aquarium_view_2c, aquarium_balcony_3a
D:2:      layout_loops_cross, kennysheep_generic_room_6, uniq_sigmund

Skill      XL: |  1  2 |
---------------+-------+-----
Throwing       | 2 |  2.2
Fighting       | 3 |  3.3
Maces & Flails | |  3.3
Dodging        | |  2.4

Action                   || total
-------------------------++-------
Melee: Flail             ||    75
Throw: Throwing net      ||     2
  Use: Potion            ||     3
Armor: Chain mail        ||    50
       Leather armour    ||     1
Dodge: Dodged            ||    28

Table legend: (Time is in decaauts)
 A = Elapsed time spent in this place.
 B = Non-inter-level travel time spent in this place.
 C = Inter-level travel time spent in this place.
 D = Time resting spent in this place.
 E = Time spent auto-exploring this place.
 F = Levels seen in this place.
 G = Mean time per level.
                   A        B        C        D        E       F      G
               +--------+--------+--------+--------+--------+-----+--------+
         Total |   1138 |   1055 |     83 |      0 |    863 |   2 |  569.0 |
       Dungeon |   1138 |   1055 |     83 |      0 |    863 |   2 |  569.0 |
               +--------+--------+--------+--------+--------+-----+--------+

Top non-repeatable levels by time:
     D:1: 1065 daAuts
     D:2: 73 daAuts
